 Dungeon Crawl Stone Soup version 0.20-a0-1089-g3fde505 (webtiles) character file.

14662 grindst0ne the Fighter (level 11, -8/111 HPs)
             Began as a Grey Draconian Berserker on May 3, 2017.
             Was a High Priest of Trog.
             Mangled by a catoblepas (15 damage)
             ... on level 2 of the Lair of Beasts.
             The game lasted 00:44:27 (12128 turns).

grindst0ne the Fighter (Grey Draconian Berserker)  Turns: 12128, Time: 00:44:27

Health: -8/111     AC: 15    Str: 19    XL:     11   Next: 91%
Magic:  6/6        EV:  7    Int:  9    God:    Trog [*****.]
Gold:   709        SH:  0    Dex: 13    Spells: 10/10 levels left

rFire    . . .     SeeInvis .   B - +6 battleaxe (antimagic)
rCold    + . .     Gourm    .   (shield currently unavailable)
rNeg     . . .     Faith    .   (armour unavailable)
rPois    +         Spirit   .   (helmet restricted)
rElec    .         Reflect  .   (no cloak)
rCorr    .         Harm     .   p - +2 pair of gloves
MR       .....     Rnd*Rage +   (no boots)
Stlth    +.........             G - amulet of rage
Regen    0.3/turn               o - ring of poison resistance
MPRegen  0.1/turn               C - ring of magical power

@: confused, petrifying (expiring), very slow
A: walk through water, unfitting armour, claws 1, talons 1, berserk 1, clever 1,
cold resistance 1, poison resistance, weak 1, unbreathing, cold-blooded, AC +12
a: Berserk, Trog's Hand, Brothers in Arms, Burn Spellbooks, Renounce Religion,
Evoke Berserk Rage


You were on level 2 of the Lair of Beasts.
You worshipped Trog.
Trog was extremely pleased with you.
You were not hungry.

You visited 2 branches of the dungeon, and saw 11 of its levels.
You also visited: Ossuary.

You collected 709 gold pieces.

Inventory:

Hand Weapons
 c - a +4 hand axe
 t - a +1 hand axe of freezing
 z - a +2 war axe of chopping
 B - a +6 antimagic battleaxe (weapon)
 K - a +1 whip of flaming
Missiles
 r - 4 throwing nets (quivered)
Armour
 p - a +2 pair of gloves (worn)
Jewellery
 o - a ring of poison resistance (left hand)
 y - an uncursed amulet of rage
 C - a ring of magical power (right hand)
 G - an amulet of rage (around neck)
Wands
 a - a wand of confusion (4/48)
 g - a wand of paralysis (10/24)
 v - a wand of lightning (9/15)
 w - a wand of iceblast (11/15)
 J - a wand of paralysis (5/24)
 N - a wand of lightning (11/15)
Scrolls
 d - 4 scrolls of remove curse
 f - 2 scrolls of fog
 h - 3 scrolls of fear
 i - a scroll of magic mapping {unknown}
 q - 3 scrolls of enchant armour
Potions
 m - a potion of ambrosia
 n - 8 potions of curing
 s - 3 potions of magic
 u - a potion of might
 D - 2 potions of flight
 E - 2 potions of agility {unknown}
 F - a potion of brilliance {unknown}
 L - a potion of invisibility {unknown}
 M - 2 potions of lignification {unknown}
 O - 2 potions of cancellation {unknown}
Books
 e - a book of Conjurations

   Spells                             Type                      Level
   a - Magic Dart                     Conjuration                  1
   b - Searing Ray                    Conjuration                  2
   c - Dazzling Spray                 Conjuration/Hexes            3
   d - Fulminant Prism                Conjuration/Hexes            4
   e - Force Lance                    Conjuration/Translocation    4
   f - Iskenderun's Mystic Blast      Conjuration                  4
   Trog disapproves of the use of such an item.
 A - a book of Misfortune

   Spells                             Type                      Level
   a - Confusing Touch                Hexes                        1
   b - Confuse                        Hexes                        3
   c - Gell's Gravitas                Translocation                3
   d - Petrify                        Transmutation/Earth          4
   e - Metabolic Englaciation         Hexes/Ice                    5
   f - Yara's Violent Unravelling     Hexes/Transmutation          5
   Trog disapproves of the use of such an item.
 H - a Young Poisoner's Handbook

   Spells                             Type                      Level
   a - Sting                          Conjuration/Poison           1
   b - Poisonous Vapours              Poison/Air                   2
   c - Mephitic Cloud                 Conjuration/Poison/Air       3
   d - Olgreb's Toxic Radiance        Poison                       4
   e - Venom Bolt                     Conjuration/Poison           5
   Trog disapproves of the use of such an item.
 P - a book of Flames

   Spells                             Type                      Level
   a - Flame Tongue                   Conjuration/Fire             1
   b - Throw Flame                    Conjuration/Fire             2
   c - Conjure Flame                  Conjuration/Fire             3
   d - Inner Flame                    Hexes/Fire                   3
   e - Sticky Flame                   Conjuration/Fire             4
   f - Fireball                       Conjuration/Fire             5
   Trog disapproves of the use of such an item.
Miscellaneous
 Q - 2 phantom mirrors
Comestibles
 b - 8 bread rations
 j - 8 meat rations
 k - 18 fruits
 l - 13 royal jellies
 x - 2 chunks of flesh


   Skills:
 + Level 14.7 Fighting
 + Level 13.5 Axes
 - Level 2.6 Dodging


You had 10 spell levels left.
You didn't know any spells.

Dungeon Overview and Level Annotations

Branches:
Dungeon (9/15)             Temple (0/1) D:6            Lair (2/6) D:9
  Swamp: Lair:2-4    Shoals: Lair:2-4     Snake: Lair:2-4    Spider: Lair:2-4
    Orc: D:9-12

Altars:
Dithmenos
Elyvilon
Fedhas
Gozag
Kikubaaqudgha
Nemelex Xobeh
Okawaru
Trog
Xom


Innate Abilities, Weirdness & Mutations

You can walk through water.
Your dull iron-grey scales are very hard. (AC +12)
You cannot fit into any form of body armour.
You can survive without breathing.
You are cold-blooded and may be slowed by cold attacks.
You have sharp fingernails.
You have sharp toenails.
You tend to lose your temper in combat.
Your mind is acute. (Int +2)
Your flesh is cold resistant. (rC+)
Your system is resistant to poisons. (rPois)
You are weak. (Str -2)


Message History

* * * LOW HITPOINT WARNING * * *
You are engulfed in calcifying dust.
The catoblepas gores you but does no damage.
You turn to flesh and can move again.
You are confused.
You feel invigorated.
You are engulfed in calcifying dust.
You are slowing down.
The catoblepas barely misses you. The catoblepas gores you!!
* * * LOW HITPOINT WARNING * * *
Your limbs are stiffening.
Found a glowing hand axe.
You're too confused!
You hit the catoblepas.
You claw the catoblepas, but do no damage.
The catoblepas is moderately wounded.
You slash the bullfrog! The catoblepas gores you!
* * * LOW HITPOINT WARNING * * *
The catoblepas gores you!!
You die...

.>..... ### ### #........
.#.####P##### #........
............# #.......)
............####.....$..
............##..........
............##.#........
#...........'..FY.......
#...........###ยง@.......
............# ##..#####.
##.##.####### ####
...#### #.## #.##
#..#######.P..
.......<.....
.........#..


You could see a catoblepas and a bullfrog (petrified).

Vanquished Creatures
  2 hydras (Lair:1)
  A catoblepas (Lair:2)
  A death knight (D:9)
  3 two-headed ogres
  A necromancer (Lair:2)
  Pikel (D:6)
  2 centaur skeletons (D:8)
  3 komodo dragons (Lair:1)
  2 freezing wraiths (D:9)
  5 blink frogs (Lair:1)
  Prince Ribbit (D:8)
  2 hippogriffs
  A wyvern (D:9)
  2 wraiths (D:9)
  10 yaks
  Eustachio (D:6)
  A water moccasin (Lair:1)
  A porcupine (Lair:1)
  Duvessa (D:6)
  2 slaves (D:6)
  3 orc warriors
  2 sky beasts
  5 ice beasts
  A phantom (D:7)
  A necrophage (D:9)
  2 ogres
  2 centaurs
  3 crocodiles (Lair:1)
  2 elf zombies (Ossuary)
  3 bullfrogs
  A big kobold (D:9)
  Dowan (D:6)
  5 killer bees (D:8)
  3 wights (D:7)
  4 howler monkeys
  4 crimson imps
  A bullfrog zombie (D:8)
  A centaur zombie (Ossuary)
  3 hounds
  3 jellies (D:8)
  A bullfrog skeleton (D:6)
  4 orc priests
  2 human zombies (Ossuary)
  An iguana (D:5)
  3 orc wizards
  6 worker ants
  2 yak simulacra (Lair:2)
  5 polar bear simulacra (Lair:2)
  A wolf simulacrum (Lair:2)
  3 big kobold zombies (Ossuary)
  2 mummies (Ossuary)
  A hound skeleton (D:7)
  A howler monkey zombie (D:8)
  A howler monkey skeleton (D:8)
  10 adders
  4 gnolls (D:7)
  A river rat (D:4)
  A shadow imp (D:9)
  5 oozes (D:8)
  3 adder skeletons
  2 worms
  5 dart slugs
  7 leopard geckos
  18 orcs
  A ball python (D:5)
  10 giant cockroaches
  11 goblins
  16 hobgoblins
  3 jackals (D:6)
  4 quokkas
  5 bats
  5 frilled lizards
  A giant cockroach zombie (D:6)
  A goblin zombie (Ossuary)
  14 hobgoblin zombies (Ossuary)
  10 kobolds
  6 kobold zombies (Ossuary)
  A leopard gecko zombie (D:5)
  6 orc zombies (Ossuary)
  A quokka skeleton (D:4)
  A quokka zombie (D:5)
  8 rats
  2 rat zombies (Ossuary)
  3 river rat simulacra (Lair:2)
291 creatures vanquished.

Vanquished Creatures (others)
  An orc wizard (D:9)
  A giant cockroach (D:6)
2 creatures vanquished.

Grand Total: 293 creatures vanquished

Notes
Turn   | Place    | Note
-------+----------+-------------------------------------------
     0 | D:1      | grindst0ne the Draconian Berserker began the quest for the Orb.
     0 | D:1      | Reached XP level 1. HP: 19/19 MP: 1/1
   222 | D:1      | Reached XP level 2. HP: 22/26 MP: 2/2
   465 | D:1      | Reached skill level 4 in Fighting
   828 | D:1      | Reached XP level 3. HP: 33/33 MP: 3/3
   997 | D:2      | Reached ** piety under Trog
  1247 | D:2      | Reached XP level 4. HP: 20/41 MP: 4/4
  1514 | D:2      | Found an ancient bone altar of Kikubaaqudgha.
  2207 | D:3      | Reached skill level 5 in Fighting
  2608 | D:3      | Reached *** piety under Trog
  2884 | D:4      | Reached XP level 5. HP: 43/48 MP: 5/5
  3338 | D:4      | Found a glowing drain.
  3382 | D:5      | Entered Level 5 of the Dungeon
  3728 | D:5      | Noticed an ice beast
  3738 | D:5      | Killed an ice beast
  3738 | D:5      | Reached skill level 6 in Fighting
  3738 | D:5      | Reached skill level 5 in Axes
  3738 | D:5      | Reached XP level 6. HP: 57/57 MP: 6/6
  3810 | D:5      | Gained mutation: You have sharp fingernails. [potion of mutation]
  3810 | D:5      | Gained mutation: Your system is resistant to poisons. (rPois) [potion of mutation]
  3810 | D:5      | Gained mutation: Your flesh is cold resistant. (rC+) [potion of mutation]
  3810 | D:5      | Gained mutation: You have sharp toenails. [potion of mutation]
  4215 | D:5      | Your scales start taking on a dull iron-grey colour.
  4215 | D:5      | Reached XP level 7. HP: 51/64 MP: 7/7
  4215 | D:5      | Gained mutation: You can survive without breathing. [Grey Draconian growth]
  4260 | D:5      | Reached skill level 7 in Fighting
  4601 | D:5      | Found a blossoming altar of Fedhas.
  5426 | D:6      | Noticed Eustachio
  5438 | D:6      | Killed Eustachio
  5530 | D:6      | Noticed Pikel
  5544 | D:6      | Killed Pikel
  5544 | D:6      | Reached skill level 8 in Fighting
  5544 | D:6      | Reached XP level 8. HP: 41/75 MP: 8/8
  5731 | D:6      | Found a white marble altar of Elyvilon.
  5805 | D:6      | Found a staircase to the Ecumenical Temple.
  5827 | D:6      | Found an opulent altar of Gozag.
  5851 | D:6      | Noticed Duvessa
  5853 | D:6      | Noticed Dowan
  5857 | D:6      | Killed Duvessa
  5857 | D:6      | Reached **** piety under Trog
  5862 | D:6      | Killed Dowan
  5862 | D:6      | Reached skill level 9 in Fighting
  5902 | D:6      | Found an iron altar of Okawaru.
  6467 | D:7      | Found a shimmering altar of Xom.
  6467 | D:7      | Found a shimmering altar of Xom.
  6474 | D:7      | Found a shimmering altar of Xom.
  6491 | D:7      | Found a shimmering altar of Xom.
  6589 | D:7      | Found a shimmering altar of Xom.
  6589 | D:7      | Found a shimmering altar of Xom.
  6590 | D:7      | Found a shimmering altar of Xom.
  6628 | D:7      | Found a sand-covered staircase.
  6896 | Ossuary  | Entered an ossuary
  7013 | Ossuary  | Reached XP level 9. HP: 85/85 MP: 9/9
  7025 | Ossuary  | Reached skill level 10 in Fighting
  7038 | Ossuary  | Reached ***** piety under Trog
  7960 | D:8      | Noticed Prince Ribbit
  7973 | D:8      | Killed Prince Ribbit
  8019 | D:8      | Reached skill level 11 in Fighting
  8019 | D:8      | Reached skill level 10 in Axes
  8025 | D:8      | Noticed a two-headed ogre
  8038 | D:8      | Killed a two-headed ogre
  8038 | D:8      | Reached XP level 10. HP: 41/97 MP: 10/10
  8143 | D:8      | Found a sparkling altar of Nemelex Xobeh.
  8277 | D:8      | Found a bloodstained altar of Trog.
  8700 | D:9      | Noticed a two-headed ogre
  8708 | D:9      | Killed a two-headed ogre
  8708 | D:9      | Reached skill level 12 in Fighting
  8713 | D:9      | Noticed a two-headed ogre
  8738 | D:9      | Killed a two-headed ogre
  9327 | D:9      | Found a shadowy altar of Dithmenos.
  9529 | D:9      | Found a staircase to the Lair.
  9539 | D:9      | Noticed a death knight
  9557 | D:9      | Killed a death knight
  9557 | D:9      | Reached skill level 13 in Fighting
  9568 | D:9      | Reached XP level 11. HP: 18/107 MP: 11/11
 10046 | D:9      | Gained mutation: You tend to lose your temper in combat. [mutagenic meat]
 10047 | D:9      | Gained mutation: Your mind is acute. (Int +2) [mutagenic meat]
 10050 | D:9      | Gained mutation: You are weak. (Str -2) [mutagenic meat]
 10183 | Lair:1   | Entered Level 1 of the Lair of Beasts
 10815 | Lair:1   | Noticed a five-headed hydra
 10817 | Lair:1   | Noticed a seven-headed hydra
 10825 | Lair:1   | Killed a five-headed hydra
 10865 | Lair:1   | Killed a seven-headed hydra
 10865 | Lair:1   | Reached skill level 14 in Fighting
 11838 | Lair:2   | Noticed a catoblepas
 11849 | Lair:2   | Killed a catoblepas
 11975 | Lair:2   | Noticed a necromancer
 11991 | Lair:2   | Killed a necromancer
 12018 | Lair:2   | Received a gift from Trog
 12111 | Lair:2   | Noticed a catoblepas
 12127 | Lair:2   | HP: 4/111 [catoblepas (16)]
 12128 | Lair:2   | Mangled by a catoblepas

Vault maps used:
D:1:      ncdulo_lavacross, minmay_statues_item, hex_intersection,
          hangedman_decor_points
D:2:      kennysheep_the_goblin_king, lemuel_crystal_altar,
          minmay_item_behind_shaft
D:3:      minmay_randomly_rotated_circles
D:4:      lemuel_upstairs_altar, gup_sewer_entry_bowl, grunt_ministairs_3
D:5:      first_bread, fedhas_altar_fruit_tree
D:6:      okawaru_gym_becter, elyvilon_altar_4, lemuel_round_altar,
          minmay_temple_entry_large_hall, minmay_misc_feat_four_crosses,
          uniq_pikel, uniq_duvessa, uniq_eustachio
D:7:      nicolae_xom_altar_mimics, nicolae_ossuary_entry_false_entrances
D:8:      nemelex_xobeh_ov_fountains_minmay, basic_altar,
          hangedman_little_slice_of_home, eino_tiny_chamber, uniq_prince_ribbit1
D:9:      lair_entry_dummy, basic_altar
Lair:2:   minmay_shoals_entry_hut, nicolae_volcano_entry_two_sided,
          eino_house_with_fridge
Ossuary:  ossuary_tomb_1

Skill      XL: |  1  2  3  4  5  6  7  8  9 10 11 |
---------------+----------------------------------+-----
Fighting       | 4 5 6 8 9 11 13 14 | 14.7
Axes           | 4 5 7 8 10 12 13 | 13.5
Dodging        | |  2.6

Action                   |  1- 3 |  4- 6 |  7- 9 | 10-12 || total
-------------------------+-------+-------+-------+-------++-------
Melee: Hand axe          |   108 |   139 |       |       ||   247
       Tailslap          |     9 |    16 |    27 |    49 ||   101
       War axe           |       |    39 |   207 |   269 ||   515
       Kick              |       |     5 |    55 |   103 ||   163
       Whip              |       |       |       |    28 ||    28
       Battleaxe         |       |       |       |     4 ||     4
Invok: Berserk           |     2 |     5 |     7 |     9 ||    23
       Trog's Hand       |       |       |     2 |     1 ||     3
  Use: Scroll            |       |    10 |     4 |    11 ||    25
       Potion            |       |     1 |       |     6 ||     7
 Stab: Sleeping          |     1 |     2 |       |       ||     3
  Eat: Chunk             |     2 |    15 |    16 |    27 ||    60
       Fruit             |       |       |     2 |     1 ||     3
Armor: Skin              |    29 |    67 |    88 |   101 ||   285
Dodge: Dodged            |    69 |    92 |   148 |   159 ||   468
